 Dungeon Crawl Stone Soup version 0.19.5 (webtiles) character file.

3581 Jerry the Carver (level 10, -5/79 (80) HPs)
             Began as a Formicid Fighter on May 6, 2017.
             Was a Believer of Okawaru.
             Killed from afar by a hell hound (16 damage)
             ... with a blast of flame
             ... on level 9 of the Dungeon.
             The game lasted 00:33:36 (10187 turns).

Jerry the Carver (Formicid Fighter)                Turns: 10187, Time: 00:33:37

HP:   -5/79 (80)    AC: 15    Str: 27    XL:     10   Next: 31%
MP:   13/13         EV: 10    Int:  8    God:    Okawaru [**....]
Gold: 428           SH:  3    Dex: 12    Spells: 3 memorised, 5 levels left

rFire  . . .     SeeInvis +     z - +4 great sword (freeze)
rCold  . . .     Gourm    .     b - +0 scale mail
rNeg   . . .     Faith    .     (no shield)
rPois  .         Spirit   .     (helmet unavailable)
rElec  .         Reflect  +     (no cloak)
rCorr  .         Harm     .     o - +1 pair of gloves
MR     +....                    (no boots)
Stlth  ..........               H - +3 amulet of reflection
                                F - ring of wizardry
                                C - +5 ring of protection

@: mighty
A: permanent stasis, dig shafts and tunnels, four strong arms, antennae 3
a: Dig, Shaft Self, Heroism, Renounce Religion


You were on level 9 of the Dungeon.
You worshipped Okawaru.
Okawaru was pleased with you.
You were not hungry.

You visited 2 branches of the dungeon, and saw 10 of its levels.

You collected 428 gold pieces.

Inventory:

Hand Weapons
 g - a +0 blowgun
 u - a +0 dagger of draining
 z - a +4 great sword of freezing (weapon)
 A - a +1 falchion of freezing
Missiles
 j - 46 poisoned needles
Armour
 b - a +0 scale mail (worn)
 c - a +0 shield
 o - a +1 pair of gloves (worn)
Jewellery
 C - a +5 ring of protection (left hand)
 F - a ring of wizardry (right hand)
 H - a +3 amulet of reflection (around neck)
Wands
 l - a wand of random effects (45/48)
 p - a wand of paralysis (13/24)
 E - a wand of disintegration (4/24)
 G - a wand of slowing (26/48)
Scrolls
 a - a scroll of amnesia
 e - 2 scrolls of identify
 h - 2 scrolls of remove curse
 t - a scroll of recharging
 v - a scroll of magic mapping
Potions
 i - 3 potions of curing
 k - a potion of cancellation
 x - 2 potions of flight
 B - a potion of mutation {unknown}
Comestibles
 f - 10 bread rations
 m - 3 meat rations
 n - 3 beef jerkies
 q - 2 slices of pizza
 r - 4 chunks of flesh


   Skills:
 + Level 8.0 Fighting
 * Level 9.9 Long Blades
 + Level 7.9 Armour
 - Level 4.1 Shields
 - Level 4.4 Invocations


You had 5 spell levels left.
You knew the following spells:

 Your Spells              Type           Power        Failure   Level  Hunger
a - Animate Skeleton      Necr           N/A          50%         1    ##.....
b - Apportation           Tloc           #.........   50%         1    ##.....
c - Repel Missiles        Chrm/Air       #.....       69%         2    ###....


Dungeon Overview and Level Annotations

Branches:
Dungeon (9/15)             Temple (1/1) D:6
   Lair: D:8-11         Orc: D:9-12

Altars:
Ashenzari
Cheibriados
Dithmenos
Elyvilon
Fedhas
Hepliaklqana
Kikubaaqudgha
Makhleb
Nemelex Xobeh
Okawaru
Qazlal
Ru
Trog
Uskayaw
Vehumet
Xom
Yredelemnul
Zin
The Shining One

Annotations:
D:3 Keye's ghost, amateur MiGl


Innate Abilities, Weirdness & Mutations

You are under a permanent stasis effect.
You can dig through walls and to a lower floor.
Your four strong arms can wield two-handed weapons with a shield.
You have a pair of large antennae on your head. (SInv)


Message History

The hell hound is lightly wounded.
The hell hound bites you.
You closely miss the hell hound.
The hell hound is lightly wounded.
The hell hound bites you.
The hell hound bites you but does no damage.
You hit the hell hound but do no damage.
The hell hound is lightly wounded.
The hell hound bites you!
* * * LOW HITPOINT WARNING * * *
The hell hound barely misses you.
You slash the hell hound! You freeze the hell hound.
The hell hound is heavily wounded.
The hell hound bites you but does no damage.
The hell hound bites you.
* * * LOW HITPOINT WARNING * * *
You feel very mighty all of a sudden. The hell hound breathes flames at you.
The blast of flame hits you!
You die...

.#. #...# . #...#
.. #.#.# ...
#...#
....#####+###...#
........(.....#.#
.......#..#...#.#
......)).@#.....#
....#'###h#)....#
# # #.....#.#
#.....<.#
#.##....#
#.....#.#
#.[.....#
#.......#
#.....#.#


You could see a hell hound.

Vanquished Creatures
  The ghost of Peloso the Slasher, a novice MiFi of Okawaru (D:5)
  Joseph (D:7)
  A spriggan (D:7)
  Sigmund (D:4)
  A water moccasin (D:7)
  An ice beast (D:7)
  A sky beast (D:7)
  4 necrophages (D:6)
  A black bear (D:6)
  3 ogres
  2 centaurs
  2 bullfrogs
  5 wights
  4 howler monkeys
  2 centaur zombies
  2 crimson imps
  4 orc priests
  3 jellies
  4 hounds
  A bullfrog skeleton (D:8)
  3 iguanas
  4 orc wizards
  2 worker ants
  A hound zombie (D:6)
  2 hound skeletons
  3 worker ant zombies
  9 adders
  3 river rats (D:3)
  An adder zombie (D:8)
  5 worms
  3 dart slugs
  6 leopard geckos
  21 orcs
  A ball python (D:3)
  9 giant cockroaches
  6 goblins
  7 hobgoblins
  5 jackals
  4 quokkas
  6 bats
  2 frilled lizards
  A jackal skeleton (D:8)
  7 kobolds
  A leopard gecko zombie (D:8)
  A quokka skeleton (D:8)
  6 rats
163 creatures vanquished.

Vanquished Creatures (others)
  An orc (D:5)
1 creature vanquished.

Grand Total: 164 creatures vanquished

Notes
Turn   | Place    | Note
-------+----------+-------------------------------------------
     0 | D:1      | Jerry the Formicid Fighter began the quest for the Orb.
     0 | D:1      | Reached XP level 1. HP: 18/18 MP: 1/1
   568 | D:1      | Reached XP level 2. HP: 24/24 MP: 2/2
  1013 | D:2      | Reached XP level 3. HP: 25/29 MP: 3/3
  1326 | D:2      | Reached skill level 3 in Long Blades
  1568 | D:2      | Reached XP level 4. HP: 35/35 MP: 4/4
  1835 | D:3      | Found a bloodstained altar of Trog.
  2621 | D:3      | Reached XP level 5. HP: 8/41 MP: 5/5
  3564 | D:3      | Noticed Keye's ghost (amateur MiGl)
  3929 | D:4      | Noticed Sigmund
  3931 | D:4      | Noticed an ogre
  3950 | D:4      | Killed Sigmund
  3950 | D:4      | Reached skill level 4 in Long Blades
  3950 | D:4      | Reached XP level 6. HP: 28/49 MP: 6/6
  4192 | D:4      | Found a shimmering altar of Xom.
  4624 | D:4      | Reached XP level 7. HP: 55/55 MP: 7/7
  4657 | D:4      | Reached skill level 5 in Long Blades
  4745 | D:4      | Reached skill level 5 in Armour
  4977 | D:4      | Found a shattered altar of Ashenzari.
  5024 | D:4      | Found a shadowy altar of Dithmenos.
  5277 | D:5      | Entered Level 5 of the Dungeon
  5430 | D:5      | Noticed Peloso's ghost (novice MiFi)
  5460 | D:5      | Killed Peloso's ghost
  5460 | D:5      | Reached skill level 5 in Fighting
  5460 | D:5      | Reached skill level 6 in Long Blades
  5460 | D:5      | Reached XP level 8. HP: 16/63 MP: 8/8
  6258 | D:5      | Reached skill level 7 in Long Blades
  6638 | D:6      | Found a staircase to the Ecumenical Temple.
  6647 | Temple   | Entered the Ecumenical Temple
  6850 | Temple   | Became a worshipper of Warmaster Okawaru
  6944 | D:6      | Reached skill level 1 in Invocations
  7567 | D:6      | Reached XP level 9. HP: 55/69 MP: 10/10
  7781 | D:6      | Found a blossoming altar of Fedhas.
  7804 | D:6      | Reached skill level 8 in Long Blades
  7955 | D:6      | Reached * piety under Okawaru
  8734 | D:7      | Noticed Joseph
  8752 | D:7      | Killed Joseph
  8965 | D:7      | Reached ** piety under Okawaru
  9086 | D:7      | Found a glowing golden altar of the Shining One.
  9087 | D:7      | Found an ancient bone altar of Kikubaaqudgha.
  9089 | D:7      | Reached skill level 9 in Long Blades
  9116 | D:7      | Found a hazy altar of Hepliaklqana.
  9400 | D:7      | Reached XP level 10. HP: 75/78 MP: 13/13
  9795 | D:8      | Found a white marble altar of Elyvilon.
  9914 | D:8      | Learned a level 1 spell: Animate Skeleton
  9916 | D:8      | Learned a level 1 spell: Apportation
  9919 | D:8      | Learned a level 2 spell: Repel Missiles
 10187 | D:9      | Killed from afar by a hell hound

Skill      XL: |  1  2  3  4  5  6  7  8  9 10 |
---------------+-------------------------------+-----
Long Blades    | 3 4 6 7 9 |  9.9
Shields        | 4 |  4.1
Armour         | 4 5 6 7 |  7.9
Fighting       | 4 5 6 7 8 |  8.0
Invocations    | 1 4 |  4.4

Action                   |  1- 3 |  4- 6 |  7- 9 | 10-12 || total
-------------------------+-------+-------+-------+-------++-------
Melee: Long sword        |    72 |   157 |   168 |       ||   397
       Falchion          |       |       |   140 |       ||   140
       Great sword       |       |       |    43 |    71 ||   114
 Fire: Blowgun           |       |     3 |     8 |       ||    11
 Abil: Dig               |     1 |     2 |     9 |       ||    12
  Use: Scroll            |       |     7 |     6 |     3 ||    16
       Potion            |       |     2 |     2 |     1 ||     5
  Eat: Chunk             |     2 |    10 |    15 |     3 ||    30
       Royal jelly       |       |       |     1 |       ||     1
Armor: Scale mail        |    38 |    58 |   142 |    34 ||   272
Dodge: Dodged            |    49 |    91 |   147 |    28 ||   315
Block: Other             |       |       |       |     3 ||     3
       Reflection        |       |       |       |     1 ||     1
       Rpst.: Long sword |    24 |    21 |    28 |       ||    73
       Falchion          |       |       |    14 |       ||    14
       Great sword       |       |       |     7 |     5 ||    12
